 Dungeon Crawl Stone Soup version 0.21-a0-279-g6037ffb (webtiles) character file.

1310 walkthisway the Spear-Bearer (level 8, -3/78 HPs)
             Began as a Naga Berserker on Sept 23, 2017.
             Was a Priest of Trog.
             Slain by an ice beast (14 damage)
             ... on level 6 of the Dungeon.
             The game lasted 00:10:09 (4562 turns).

walkthisway the Spear-Bearer (Naga Berserker)       Turns: 4562, Time: 00:10:10

Health: -3/78      AC:  9    Str: 22    XL:     8   Next: 58%
Magic:  8/8        EV:  6    Int:  8    God:    Trog [***...]
Gold:   222        SH:  0    Dex: 10    Spells: 7/7 levels left

rFire    . . .     SeeInvis +   m - +0 trident
rCold    . . .     Gourm    .   (no shield)
rNeg     . . .     Faith    .   e - +0 chain mail
rPois    +         Spirit   .   u - +1 helmet
rElec    .         Reflect  .   (no cloak)
rCorr    .         Harm     +   (no gloves)
MR       +++..                  (no barding)
Stlth    ..........             v - amulet of harm
HPRegen  1.23/turn              k - ring of flight
MPRegen  0.11/turn              g - ring of loudness (curse)

@: berserk cooldown, regenerating, slowed, very slow
A: see invisible, deformed body, poison resistance, slowness 2, slow metabolism
1, spit poison 1, AC +2
a: Spit Poison, Berserk, Trog's Hand, Burn Spellbooks, Renounce Religion, Evoke
Flight


You were on level 6 of the Dungeon.
You worshipped Trog.
Trog was most pleased with you.
You were near starving.

You visited 1 branch of the dungeon, and saw 5 of its levels.
You also visited: Sewer.

You collected 222 gold pieces.

Inventory:

Hand Weapons
 a - a +0 spear
 m - a +0 trident (weapon)
Missiles
 i - 167 stones (quivered)
Armour
 b - a +0 animal skin
 e - a +0 chain mail (worn)
 u - a +1 helmet (worn)
Jewellery
 g - a cursed ring of loudness (right hand)
 j - an uncursed amulet of magic regeneration {unknown}
 k - a ring of flight (left hand)
 v - an amulet of harm (around neck)
Potions
 h - 2 potions of flight {unknown}
 n - a potion of might {unknown}
 p - a potion of mutation
 r - 3 potions of curing
Comestibles
 c - 4 bread rations
 l - 2 meat rations


   Skills:
 + Level 6.6 Fighting
 * Level 8.8 Polearms
 - Level 1.5 Armour
 - Level 1.5 Dodging


You had 7 spell levels left.
You didn't know any spells.

Dungeon Overview and Level Annotations

Branches:
Dungeon (4/15)
 Temple: D:4-7

Altars:
Cheibriados
Nemelex Xobeh
Qazlal
Xom
Yredelemnul


Innate Abilities, Weirdness & Mutations

You cannot wear boots.
Your serpentine skin is tough. (AC +2)
You have supernaturally acute eyesight. (SInv)
Armour fits poorly on your strangely shaped body.
Your system is resistant to poisons. (rPois)
You cover ground very slowly.
You have a slow metabolism.
You can spit poison.


Message History

The ice beast hits you. The ice beast freezes you.
* * * LOW HITPOINT WARNING * * *
The ice beast hits you but does no damage.
Unknown command.
You feel much better.
The ice beast hits you but does no damage.
Your chain mail prevents you from hitting the ice beast.
The ice beast hits you. The ice beast freezes you!
The ice beast hits you but does no damage.
You closely miss the ice beast.
The ice beast hits you but does no damage.
You hit the ice beast but do no damage.
The ice beast hits you but does no damage.
Your chain mail prevents you from hitting the ice beast.
The ice beast hits you. The ice beast freezes you!
* * * LOW HITPOINT WARNING * * *
The ice beast hits you.
* * * LOW HITPOINT WARNING * * *
The ice beast freezes you!
You die...

#.......#
.......#.⌠...⌠.#
.......#.......#
.......+...⌠...+
.......#.......#
.....F.#.⌠...⌠.#
.....oY#....[..#
#g...o.####)####
#o.#@(# #..#Y##
##.oo# #.)#)#
....#......#
(.#####.####g#
..# .... .....


You could see an ice beast and 2 orcs.

Vanquished Creatures
  Sigmund (D:4)
  3 orc warriors (D:6)
  The ghost of vishdafish the Cudgeler, an amateur TrGl (D:3)
  An ogre (D:4)
  A big kobold (Sewer)
  A hound (D:6)
  4 orc priests
  4 orc wizards
  An iguana (D:4)
  A worker ant (D:4)
  A hound skeleton (D:6)
  Robin (D:2)
  8 gnolls
  8 adders
  2 worms (D:2)
  A dart slug (D:1)
  3 leopard geckos
  21 orcs
  6 giant cockroaches
  15 goblins
  10 hobgoblins
  4 jackals
  2 quokkas
  A ball python (D:2)
  2 bats
  8 frilled lizards
  14 kobolds
  8 rats
133 creatures vanquished.

Vanquished Creatures (others)
  4 toadstools (D:1)
4 creatures vanquished.

Grand Total: 137 creatures vanquished

Notes
Turn   | Place    | Note
-------+----------+-------------------------------------------
     0 | D:1      | walkthisway the Naga Berserker began the quest for the Orb.
     0 | D:1      | Reached XP level 1. HP: 21/21 MP: 1/1
   354 | D:1      | Reached XP level 2. HP: 28/28 MP: 2/2
   880 | D:2      | Found a basalt altar of Yredelemnul.
   886 | D:2      | Reached XP level 3. HP: 34/34 MP: 3/3
  1047 | D:2      | Reached skill level 4 in Polearms
  1109 | D:2      | Reached ** piety under Trog
  1110 | D:2      | Reached XP level 4. HP: 40/44 MP: 4/4
  1515 | D:2      | Noticed Robin
  1750 | D:2      | Reached XP level 5. HP: 49/50 MP: 5/5
  2066 | D:3      | Found a stormy altar of Qazlal.
  2084 | D:3      | Noticed vishdafish's ghost (amateur TrGl)
  2215 | D:2      | Killed Robin
  2215 | D:2      | Reached skill level 5 in Polearms
  2384 | D:3      | Found a snail-covered altar of Cheibriados.
  2468 | D:3      | Found a shimmering altar of Xom.
  2723 | D:3      | Reached *** piety under Trog
  2723 | D:3      | Reached XP level 6. HP: 29/58 MP: 6/6
  2937 | D:3      | Found a sparkling altar of Nemelex Xobeh.
  3257 | D:3      | Killed vishdafish's ghost
  3261 | D:3      | Reached skill level 6 in Polearms
  3388 | D:4      | Found a glowing drain.
  3392 | D:4      | Reached skill level 5 in Fighting
  3407 | D:4      | Reached XP level 7. HP: 30/67 MP: 7/7
  3594 | Sewer    | Entered a sewer
  3866 | Sewer    | Found a white marble altar of Elyvilon.
  3922 | D:4      | Noticed Sigmund
  3941 | D:4      | Killed Sigmund
  3941 | D:4      | Reached skill level 7 in Polearms
  4032 | D:4      | Reached XP level 8. HP: 57/76 MP: 8/8
  4346 | D:4      | You fall through a shaft for 2 floors!
  4362 | D:6      | Reached skill level 8 in Polearms
  4555 | D:6      | Reached **** piety under Trog
  4562 | D:6      | Slain by an ice beast

Vault maps used:
D:1:      ldierk_water_garden, kennysheep_doodads
D:2:      yredelemnul_altar_generic, uniq_robin
D:3:      lemuel_doored_altar, nemelex_altar_shiori,
          nicolae_overflow_hidden_temple, nicolae_overflow_crystal_walls,
          first_bread
D:4:      gup_sewer_entry_glass, uniq_sigmund
D:6:      basic_altar, minmay_fountain_box, minmay_tree_intersection
Sewer:    sewer_kobolds

Skill      XL: |  1  2  3  4  5  6  7  8 |
---------------+-------------------------+-----
Polearms       | 4 5 6 7 8 |  8.8
Fighting       | 4 5 6 |  6.6
Armour         | |  1.5
Dodging        | |  1.5

Action                   |  1- 3 |  4- 6 |  7- 9 || total
-------------------------+-------+-------+-------++-------
Melee: Spear             |    71 |   233 |   120 ||   424
       Trident           |       |       |    67 ||    67
Throw: Stone             |       |     4 |       ||     4
Invok: Berserk           |     2 |     5 |     5 ||    12
       Trog's Hand       |       |       |     2 ||     2
 Abil: Spit Poison       |    10 |     9 |     4 ||    23
  Use: Scroll            |     2 |     9 |       ||    11
       Potion            |       |     3 |     2 ||     5
  Eat: Chunk             |     2 |    10 |     3 ||    15
       Bread ration      |       |       |     1 ||     1
Armor: Chain mail        |    25 |   172 |   102 ||   299
Dodge: Dodged            |    31 |    83 |    47 ||   161

Table legend:
 A = Spawn XP
 B = Non-spawn XP
 C = Spawn XP percentage of total XP
 D = Spawn monster count
 E = Non-spawn monster count
 F = Spawn count percentage of total count
 G = Total turns spent on level
                    A         B        C        D         E        F      G
               +---------+---------+-------+---------+---------+-------+---------
         Total |       0 |    1872 |   0.0 |       0 |     133 |   0.0 |  4562
               +---------+---------+-------+---------+---------+-------+---------
           D:1 |       0 |      28 |   0.0 |       0 |      16 |   0.0 |  1179
           D:2 |       0 |     203 |   0.0 |       0 |      43 |   0.0 |  1016
           D:3 |       0 |     274 |   0.0 |       0 |      23 |   0.0 |  1193
           D:4 |       0 |     662 |   0.0 |       0 |      22 |   0.0 |   641
           D:6 |       0 |     589 |   0.0 |       0 |      18 |   0.0 |   216
         Sewer |       0 |     116 |   0.0 |       0 |      11 |   0.0 |   317
               +---------+---------+-------+---------+---------+-------+---------
